[ AOE2 MATCH · #478147431 ]
UnrankedSpanish vs Malay
[ REPLAY ANALYSIS · EXTRACTED FROM THE RECORDED GAME ]
Feudal
14:05
Castle
17:41
Imperial
40:18
| APM avg | 23.7 |
| APM peak | 43 |
| eAPM avg | 15.7 |
| Villagers / military | 163 / 205 |
Focus
⚔️ 32.1% · 🌾 67.9%
Knight ×106 · Scout Cavalry ×45 · Hand Cannoneer ×17 · Conquistador ×15 · Trebuchet (Packed) ×6 · Fire Galley ×5
Feudal
12:52
Castle
20:43
Imperial
37:08
| APM avg | 28.5 |
| APM peak | 65 |
| eAPM avg | 20.3 |
| Villagers / military | 171 / 572 |
Focus
⚔️ 41.0% · 🌾 59.0%
Skirmisher ×284 · Spearman ×209 · Fishing Ship ×69 · Karambit Warrior ×36 · Knight ×18 · Trebuchet (Packed) ×9
Feudal
14:21
Castle
21:46
Imperial
36:47
| APM avg | 23.7 |
| APM peak | 70 |
| eAPM avg | 14.9 |
| Villagers / military | 134 / 237 |
Focus
⚔️ 23.2% · 🌾 76.8%
Magyar Huszar ×209 · Fishing Ship ×94 · Skirmisher ×21 · Cavalry Archer ×4 · Galley ×3
Feudal
15:27
Castle
28:06
Imperial
—
| APM avg | 42.4 |
| APM peak | 73 |
| eAPM avg | 24.4 |
| Villagers / military | 102 / 212 |
Focus
⚔️ 55.7% · 🌾 44.3%
Archer ×91 · Knight ×76 · Genoese Crossbowman ×18 · Scout Cavalry ×12 · Petard ×11 · Fishing Ship ×9
Match map
Initial resources + every placement click. Lines = walls · curves = elevation contours. ◆ gold · ⬟ stone · ● berries · ✦ relic · ◌ wall gap
Your base· Open — 3t gap
Martin's base· Open — 4t gap
Sky's base· Open — 8t gap
francopasini3's base· Open — 6t gap
Smoothed initial terrain · ◌ = detected wall gap · hover for details
Inputs per minute
— AAOE | khermir - - Martin
Build order — AAOE | khermir
First 150 of 447 actions detected
| 0:13 | Build | House |
| 0:24 | Build | Town Center |
| 1:24 | Build | Dock |
| 2:36 | Queue | Villager (Male) |
| 2:37 | Queue | Villager (Male) |
| 2:37 | Queue | Villager (Male) |
| 2:38 | Queue | Villager (Male) |
| 2:38 | Queue | Villager (Male) |
| 3:16 | Build | House |
| 3:49 | Queue | Villager (Male) |
| 4:20 | Queue | Fishing Ship |
| 4:26 | Research | Loom |
| 4:50 | Queue | Fishing Ship |
| 5:20 | Queue | Villager (Male) |
| 5:50 | Queue | Villager (Male) |
| 5:50 | Queue | Villager (Male) |
| 6:10 | Queue | Villager (Male) |
| 6:23 | Build | House |
| 6:41 | Queue | Villager (Male) |
| 7:19 | Queue | Villager (Male) |
| 7:44 | Queue | Villager (Male) |
| 7:58 | Queue | Fishing Ship |
| 8:11 | Queue | Villager (Male) |
| 8:26 | Queue | Villager (Male) |
| 8:31 | Queue | Fishing Ship |
| 8:50 | Build | House |
| 9:06 | Queue | Villager (Male) |
| 9:16 | Queue | Fishing Ship |
| 9:47 | Build | House |
| 9:48 | Queue | Villager (Male) |
| 10:14 | Queue | Villager (Male) |
| 10:27 | Build | Mill |
| 10:32 | Queue | Villager (Male) |
| 10:55 | Queue | Villager (Male) |
| 11:06 | Queue | Villager (Male) |
| 11:34 | Build | Mining Camp |
| 11:37 | Research | Feudal Age |
| 11:48 | Build | House |
| 12:55 | Build | Mining Camp |
| 13:05 | Queue | Villager (Male) |
| 13:05 | Queue | Villager (Male) |
| 14:05 | Age | Feudal Age |
| 14:07 | Build | Market |
| 14:10 | Build | Blacksmith |
| 15:01 | Research | Castle Age |
| 15:18 | Queue | Unit 2626 |
| 15:30 | Queue | Unit 2626 |
| 16:17 | Build | Mill |
| 16:58 | Queue | Villager (Male) |
| 17:25 | Queue | Unit 2626 |
| 17:41 | Age | Castle Age |
| 17:43 | Build | Castle |
| 17:48 | Build | Mill |
| 17:56 | Queue | Villager (Male) |
| 18:05 | Build | Lumber Camp |
| 18:26 | Queue | Villager (Male) |
| 18:32 | Queue | Conquistador |
| 19:13 | Queue | Conquistador |
| 19:13 | Queue | Villager (Male) |
| 19:37 | Queue | Unit 2626 |
| 19:52 | Queue | Conquistador |
| 20:01 | Queue | Villager (Male) |
| 20:16 | Queue | Conquistador |
| 20:24 | Queue | Villager (Male) |
| 20:37 | Research | Double-Bit Axe |
| 20:57 | Build | Mill |
| 21:06 | Queue | Villager (Male) |
| 21:06 | Queue | Villager (Male) |
| 21:11 | Queue | Villager (Male) |
| 21:28 | Queue | Villager (Male) |
| 21:29 | Queue | Conquistador |
| 21:43 | Queue | Villager (Male) |
| 22:00 | Queue | Villager (Male) |
| 22:06 | Build | Siege Workshop |
| 22:09 | Queue | Conquistador |
| 22:28 | Queue | Villager (Male) |
| 22:33 | Build | Monastery |
| 22:50 | Queue | Conquistador |
| 22:53 | Queue | Villager (Male) |
| 22:58 | Research | Wheelbarrow |
| 23:13 | Queue | Villager (Male) |
| 23:42 | Queue | Monk |
| 24:10 | Queue | Conquistador |
| 24:11 | Queue | Villager (Male) |
| 24:14 | Queue | Villager (Male) |
| 24:20 | Build | Farm |
| 24:24 | Build | Farm |
| 24:24 | Queue | Villager (Male) |
| 24:28 | Queue | Villager (Male) |
| 24:33 | Build | Farm |
| 24:35 | Research | Horse Collar |
| 24:36 | Research | Bow Saw |
| 24:50 | Build | Outpost |
| 25:18 | Queue | Mangonel |
| 25:22 | Build | House |
| 25:31 | Build | House |
| 25:45 | Queue | Villager (Male) |
| 25:48 | Build | Farm |
| 25:57 | Build | House |
| 26:05 | Queue | Villager (Male) |
| 26:10 | Queue | Conquistador |
| 26:11 | Research | Padded Archer Armor |
| 26:37 | Queue | Villager (Male) |
| 26:40 | Build | Farm |
| 26:41 | Build | House |
| 27:00 | Queue | Conquistador |
| 27:00 | Queue | Conquistador |
| 27:02 | Queue | Mangonel |
| 27:31 | Queue | Villager (Male) |
| 27:42 | Build | House |
| 27:59 | Build | Town Center |
| 28:38 | Queue | Villager (Male) |
| 29:07 | Queue | Mangonel |
| 29:08 | Queue | Villager (Male) |
| 29:08 | Queue | Villager (Male) |
| 29:10 | Research | Hand Cart |
| 29:10 | Research | Town Watch |
| 29:20 | Queue | Villager (Male) |
| 29:43 | Queue | Villager (Male) |
| 30:24 | Queue | Villager (Male) |
| 30:36 | Queue | Villager (Male) |
| 30:36 | Queue | Villager (Male) |
| 30:37 | Queue | Villager (Male) |
| 30:37 | Queue | Villager (Male) |
| 30:46 | Queue | Mangonel |
| 30:58 | Queue | Villager (Male) |
| 30:59 | Queue | Villager (Male) |
| 30:59 | Queue | Villager (Male) |
| 31:04 | Build | Town Center |
| 31:07 | Queue | Monk |
| 31:11 | Queue | Villager (Male) |
| 31:12 | Queue | Villager (Male) |
| 31:13 | Build | House |
| 31:16 | Build | Farm |
| 31:17 | Build | Farm |
| 31:18 | Build | Farm |
| 31:20 | Research | Heavy Plow |
| 31:40 | Queue | Conquistador |
| 31:40 | Queue | Conquistador |
| 31:41 | Queue | Villager (Male) |
| 31:45 | Build | Farm |
| 31:45 | Build | Farm |
| 31:46 | Build | Farm |
| 31:46 | Build | Farm |
| 31:46 | Build | Farm |
| 32:11 | Queue | Conquistador |
| 32:12 | Queue | Conquistador |
| 32:12 | Queue | Villager (Male) |
| 32:12 | Queue | Villager (Male) |
| 32:13 | Queue | Villager (Male) |
Build order — Martin
First 150 of 658 actions detected
| 0:30 | Build | Town Center |
| 0:46 | Build | Dock |
| 0:49 | Build | House |
| 2:57 | Queue | Villager (Male) |
| 2:58 | Queue | Villager (Male) |
| 2:58 | Queue | Villager (Male) |
| 2:58 | Queue | Villager (Male) |
| 2:58 | Queue | Villager (Male) |
| 2:59 | Queue | Villager (Male) |
| 3:55 | Queue | Villager (Male) |
| 3:55 | Queue | Villager (Male) |
| 3:55 | Queue | Villager (Male) |
| 3:56 | Queue | Villager (Male) |
| 4:03 | Queue | Fishing Ship |
| 4:27 | Build | House |
| 4:32 | Research | Loom |
| 5:14 | Queue | Fishing Ship |
| 5:58 | Queue | Villager (Male) |
| 5:59 | Queue | Villager (Male) |
| 5:59 | Queue | Villager (Male) |
| 5:59 | Queue | Villager (Male) |
| 6:09 | Queue | Fishing Ship |
| 6:19 | Queue | Villager (Male) |
| 6:19 | Queue | Villager (Male) |
| 6:19 | Queue | Villager (Male) |
| 6:20 | Queue | Villager (Male) |
| 6:20 | Queue | Villager (Male) |
| 6:20 | Queue | Villager (Male) |
| 6:54 | Queue | Villager (Male) |
| 6:54 | Queue | Villager (Male) |
| 6:54 | Queue | Villager (Male) |
| 6:54 | Queue | Villager (Male) |
| 7:01 | Build | House |
| 7:33 | Queue | Villager (Male) |
| 7:33 | Queue | Villager (Male) |
| 7:33 | Queue | Villager (Male) |
| 7:34 | Queue | Villager (Male) |
| 8:17 | Queue | Villager (Male) |
| 8:17 | Queue | Villager (Male) |
| 8:17 | Queue | Villager (Male) |
| 8:18 | Queue | Villager (Male) |
| 8:21 | Queue | Fishing Ship |
| 8:33 | Build | House |
| 9:02 | Queue | Villager (Male) |
| 9:03 | Queue | Villager (Male) |
| 9:03 | Queue | Villager (Male) |
| 9:51 | Build | House |
| 10:44 | Queue | Villager (Male) |
| 10:44 | Queue | Villager (Male) |
| 10:49 | Build | Lumber Camp |
| 10:51 | Queue | Villager (Male) |
| 10:59 | Queue | Fishing Ship |
| 10:59 | Queue | Fishing Ship |
| 11:00 | Queue | Fishing Ship |
| 11:00 | Queue | Fishing Ship |
| 11:34 | Research | Feudal Age |
| 11:36 | Build | House |
| 11:48 | Queue | Villager (Male) |
| 11:48 | Queue | Villager (Male) |
| 12:01 | Queue | Villager (Male) |
| 12:02 | Queue | Villager (Male) |
| 12:02 | Queue | Villager (Male) |
| 12:18 | Queue | Fishing Ship |
| 12:47 | Build | Dock |
| 12:52 | Age | Feudal Age |
| 13:01 | Research | Double-Bit Axe |
| 13:01 | Research | Double-Bit Axe |
| 13:02 | Research | Double-Bit Axe |
| 13:02 | Research | Double-Bit Axe |
| 13:04 | Queue | Villager (Male) |
| 13:05 | Queue | Villager (Male) |
| 13:12 | Build | House |
| 13:16 | Build | House |
| 13:36 | Queue | Fire Galley |
| 13:43 | Queue | Fire Galley |
| 13:44 | Queue | Villager (Male) |
| 13:45 | Queue | Villager (Male) |
| 13:45 | Queue | Villager (Male) |
| 13:45 | Queue | Villager (Male) |
| 14:02 | Queue | Fishing Ship |
| 14:02 | Queue | Fishing Ship |
| 14:02 | Queue | Fishing Ship |
| 14:07 | Queue | Fishing Ship |
| 14:08 | Queue | Fishing Ship |
| 14:08 | Queue | Fishing Ship |
| 14:08 | Queue | Fishing Ship |
| 14:19 | Queue | Villager (Male) |
| 14:20 | Queue | Villager (Male) |
| 14:20 | Queue | Villager (Male) |
| 14:20 | Queue | Villager (Male) |
| 14:37 | Build | Dock |
| 14:47 | Queue | Villager (Male) |
| 15:06 | Queue | Fire Galley |
| 15:11 | Queue | Villager (Male) |
| 15:16 | Build | Blacksmith |
| 16:03 | Build | House |
| 16:05 | Build | House |
| 16:18 | Build | Mill |
| 16:45 | Queue | Demolition Raft |
| 16:46 | Queue | Fire Galley |
| 17:08 | Queue | Fishing Ship |
| 17:08 | Queue | Fishing Ship |
| 17:08 | Queue | Fishing Ship |
| 17:09 | Queue | Fishing Ship |
| 17:12 | Queue | Fishing Ship |
| 17:12 | Queue | Fishing Ship |
| 17:12 | Queue | Fishing Ship |
| 17:13 | Queue | Fishing Ship |
| 17:13 | Queue | Fishing Ship |
| 17:43 | Build | Market |
| 17:51 | Queue | Villager (Male) |
| 17:57 | Queue | Fishing Ship |
| 18:05 | Build | Dock |
| 19:07 | Research | Castle Age |
| 19:12 | Build | Barracks |
| 19:17 | Build | House |
| 19:18 | Build | House |
| 19:18 | Build | House |
| 19:28 | Build | Dock |
| 19:30 | Queue | Villager (Male) |
| 19:30 | Queue | Villager (Male) |
| 19:30 | Queue | Villager (Male) |
| 20:13 | Build | Archery Range |
| 20:23 | Build | Archery Range |
| 20:31 | Build | Archery Range |
| 20:37 | Research | Fletching |
| 20:38 | Research | Forging |
| 20:40 | Queue | Villager (Male) |
| 20:40 | Queue | Villager (Male) |
| 20:43 | Age | Castle Age |
| 20:47 | Queue | Skirmisher |
| 20:47 | Queue | Skirmisher |
| 20:47 | Queue | Skirmisher |
| 21:08 | Queue | Villager (Male) |
| 21:08 | Queue | Villager (Male) |
| 21:22 | Build | Town Center |
| 21:28 | Queue | Villager (Male) |
| 21:28 | Queue | Villager (Male) |
| 21:28 | Queue | Villager (Male) |
| 21:29 | Queue | Villager (Male) |
| 21:29 | Queue | Villager (Male) |
| 21:29 | Queue | Villager (Male) |
| 21:44 | Queue | Skirmisher ×3 |
| 21:45 | Queue | Skirmisher ×3 |
| 21:45 | Queue | Skirmisher ×3 |
| 22:07 | Queue | Skirmisher ×2 |
| 22:07 | Queue | Skirmisher ×2 |
| 22:07 | Queue | Skirmisher ×3 |
| 22:08 | Queue | Skirmisher ×3 |
| 22:08 | Queue | Skirmisher |
Build order — Sky
First 150 of 465 actions detected
| 0:06 | Build | House |
| 1:13 | Build | Dock |
| 1:33 | Build | Town Center |
| 3:34 | Queue | Villager (Male) |
| 3:35 | Queue | Villager (Male) |
| 3:35 | Queue | Villager (Male) |
| 3:35 | Queue | Villager (Male) |
| 3:36 | Queue | Villager (Male) |
| 4:32 | Queue | Villager (Male) |
| 4:32 | Queue | Villager (Male) |
| 4:32 | Queue | Villager (Male) |
| 4:36 | Queue | Fishing Ship |
| 4:36 | Queue | Fishing Ship |
| 5:08 | Research | Loom |
| 5:09 | Queue | Villager (Male) |
| 5:09 | Queue | Villager (Male) |
| 5:09 | Queue | Villager (Male) |
| 5:47 | Queue | Villager (Male) |
| 5:48 | Queue | Villager (Male) |
| 5:50 | Queue | Fishing Ship |
| 5:50 | Queue | Fishing Ship |
| 5:51 | Queue | Fishing Ship |
| 6:10 | Build | House |
| 6:50 | Queue | Villager (Male) |
| 6:50 | Queue | Villager (Male) |
| 6:50 | Queue | Villager (Male) |
| 7:16 | Queue | Villager (Male) |
| 7:16 | Queue | Villager (Male) |
| 7:17 | Queue | Villager (Male) |
| 7:39 | Queue | Fishing Ship |
| 7:39 | Queue | Fishing Ship |
| 7:54 | Queue | Villager (Male) |
| 7:55 | Queue | Villager (Male) |
| 7:55 | Queue | Villager (Male) |
| 7:55 | Queue | Villager (Male) |
| 8:19 | Queue | Villager (Male) |
| 8:19 | Queue | Villager (Male) |
| 8:20 | Queue | Villager (Male) |
| 8:26 | Queue | Villager (Male) |
| 8:26 | Queue | Villager (Male) |
| 8:34 | Build | House |
| 8:36 | Build | House |
| 8:45 | Build | House |
| 8:53 | Queue | Villager (Male) |
| 8:53 | Queue | Villager (Male) |
| 8:53 | Queue | Villager (Male) |
| 8:59 | Queue | Fishing Ship |
| 8:59 | Queue | Fishing Ship |
| 8:59 | Queue | Fishing Ship |
| 9:19 | Queue | Villager (Male) |
| 9:19 | Queue | Villager (Male) |
| 9:20 | Queue | Villager (Male) |
| 9:46 | Build | Palisade Wall |
| 9:47 | Build | Palisade Wall |
| 9:52 | Queue | Villager (Male) |
| 9:52 | Queue | Villager (Male) |
| 9:52 | Queue | Villager (Male) |
| 10:06 | Build | Lumber Camp |
| 10:39 | Queue | Fishing Ship |
| 10:39 | Queue | Fishing Ship |
| 10:39 | Queue | Fishing Ship |
| 11:21 | Queue | Fishing Ship |
| 11:21 | Queue | Fishing Ship |
| 11:22 | Queue | Fishing Ship |
| 11:22 | Queue | Fishing Ship |
| 11:38 | Queue | Villager (Male) |
| 11:56 | Build | Dock |
| 12:11 | Research | Feudal Age |
| 12:11 | Research | Feudal Age |
| 12:12 | Research | Feudal Age |
| 12:24 | Build | Mining Camp |
| 12:44 | Queue | Fishing Ship |
| 12:44 | Queue | Fishing Ship |
| 12:45 | Queue | Fishing Ship |
| 13:08 | Queue | Villager (Male) |
| 13:08 | Queue | Villager (Male) |
| 13:08 | Queue | Villager (Male) |
| 13:08 | Queue | Villager (Male) |
| 13:09 | Queue | Villager (Male) |
| 13:19 | Queue | Fishing Ship |
| 13:19 | Queue | Fishing Ship |
| 13:19 | Queue | Fishing Ship |
| 13:21 | Queue | Fishing Ship |
| 13:21 | Queue | Fishing Ship |
| 13:49 | Build | House |
| 13:51 | Build | House |
| 13:53 | Build | House |
| 14:03 | Build | House |
| 14:04 | Build | House |
| 14:06 | Build | House |
| 14:21 | Age | Feudal Age |
| 14:31 | Queue | Galley |
| 14:31 | Queue | Galley |
| 14:31 | Queue | Galley |
| 15:14 | Research | Tech 906 |
| 15:33 | Research | Double-Bit Axe |
| 15:36 | Queue | Villager (Male) |
| 15:36 | Queue | Villager (Male) |
| 15:37 | Queue | Villager (Male) |
| 15:37 | Queue | Villager (Male) |
| 15:37 | Queue | Villager (Male) |
| 15:38 | Queue | Villager (Male) |
| 15:38 | Queue | Villager (Male) |
| 15:49 | Queue | Fishing Ship ×2 |
| 16:36 | Build | Dock |
| 16:49 | Build | Outpost |
| 16:52 | Build | Outpost |
| 16:57 | Build | Outpost |
| 17:00 | Build | Outpost |
| 17:09 | Build | Blacksmith |
| 17:20 | Build | Mill |
| 17:33 | Queue | Fishing Ship |
| 17:34 | Queue | Fishing Ship |
| 17:51 | Queue | Fishing Ship |
| 17:51 | Queue | Fishing Ship |
| 17:52 | Queue | Fishing Ship |
| 18:03 | Queue | Fishing Ship |
| 18:11 | Queue | Fishing Ship |
| 18:12 | Queue | Fishing Ship |
| 18:30 | Build | Market |
| 18:41 | Queue | Fishing Ship |
| 18:41 | Queue | Fishing Ship |
| 18:41 | Queue | Fishing Ship |
| 18:43 | Queue | Villager (Male) |
| 18:53 | Queue | Fishing Ship |
| 18:53 | Queue | Fishing Ship |
| 18:53 | Queue | Fishing Ship |
| 19:06 | Research | Castle Age |
| 19:07 | Research | Castle Age |
| 19:07 | Research | Castle Age |
| 19:11 | Build | Mining Camp |
| 19:14 | Research | Stone Mining |
| 19:15 | Research | Stone Mining |
| 19:24 | Queue | Fishing Ship |
| 19:24 | Queue | Fishing Ship |
| 20:04 | Build | Mill |
| 20:08 | Build | Barracks |
| 20:25 | Build | Mining Camp |
| 20:58 | Build | Archery Range |
| 21:03 | Build | Archery Range |
| 21:44 | Queue | Skirmisher ×5 |
| 21:46 | Age | Castle Age |
| 22:26 | Build | Town Center |
| 22:31 | Queue | Villager (Male) ×5 |
| 22:55 | Queue | Villager (Male) ×5 |
| 23:02 | Queue | Villager (Male) ×5 |
| 23:14 | Queue | Villager (Male) ×4 |
| 23:23 | Build | Mining Camp |
| 23:54 | Build | Mining Camp |
| 23:59 | Research | Gillnets |
Build order — francopasini3
First 150 of 415 actions detected
| 0:19 | Build | House |
| 0:19 | Build | House |
| 0:22 | Build | House |
| 1:24 | Build | Town Center |
| 2:54 | Build | Dock |
| 3:46 | Queue | Villager (Male) |
| 3:47 | Queue | Villager (Male) |
| 3:47 | Queue | Villager (Male) |
| 3:48 | Queue | Villager (Male) |
| 3:48 | Queue | Villager (Male) |
| 5:19 | Queue | Fishing Ship |
| 5:29 | Queue | Villager (Male) |
| 5:30 | Queue | Villager (Male) |
| 5:38 | Research | Loom |
| 5:50 | Queue | Fishing Ship |
| 6:54 | Queue | Villager (Male) |
| 6:54 | Queue | Villager (Male) |
| 7:20 | Queue | Fishing Ship |
| 7:34 | Queue | Villager (Male) |
| 8:06 | Build | House |
| 8:09 | Queue | Villager (Male) |
| 8:48 | Queue | Fishing Ship |
| 8:58 | Queue | Villager (Male) |
| 8:59 | Queue | Villager (Male) |
| 8:59 | Queue | Villager (Male) |
| 9:04 | Queue | Fishing Ship |
| 9:19 | Queue | Villager (Male) |
| 9:29 | Queue | Fishing Ship |
| 10:09 | Queue | Villager (Male) |
| 10:19 | Build | House |
| 10:22 | Build | House |
| 11:22 | Queue | Fishing Ship |
| 12:41 | Build | Mill |
| 13:06 | Queue | Villager (Male) |
| 13:06 | Queue | Villager (Male) |
| 13:17 | Research | Feudal Age |
| 13:17 | Research | Feudal Age |
| 13:19 | Queue | Villager (Male) |
| 13:19 | Queue | Villager (Male) |
| 13:20 | Queue | Villager (Male) |
| 13:20 | Queue | Villager (Male) |
| 13:46 | Build | Lumber Camp |
| 14:11 | Build | Mining Camp |
| 14:46 | Queue | Fishing Ship |
| 15:15 | Queue | Villager (Male) |
| 15:27 | Age | Feudal Age |
| 15:34 | Queue | Villager (Male) |
| 15:54 | Queue | Villager (Male) |
| 15:55 | Queue | Villager (Male) |
| 16:09 | Build | Barracks |
| 16:16 | Queue | Villager (Male) |
| 16:16 | Queue | Villager (Male) |
| 16:44 | Queue | Villager (Male) |
| 16:44 | Queue | Villager (Male) |
| 17:06 | Queue | Villager (Male) |
| 17:13 | Build | Archery Range |
| 17:29 | Queue | Villager (Male) |
| 17:30 | Queue | Villager (Male) |
| 17:45 | Queue | Demolition Raft |
| 17:52 | Queue | Fishing Ship |
| 18:20 | Build | House |
| 18:22 | Build | House |
| 18:36 | Build | Stone Wall |
| 18:38 | Build | Stone Wall |
| 18:44 | Build | Stone Wall |
| 18:46 | Build | Stone Wall |
| 18:49 | Build | Stone Wall |
| 18:53 | Queue | Villager (Male) |
| 19:00 | Build | Blacksmith |
| 19:12 | Queue | Archer |
| 19:12 | Queue | Archer |
| 19:52 | Queue | Archer |
| 19:53 | Queue | Archer |
| 19:53 | Queue | Archer |
| 19:57 | Build | House |
| 20:04 | Queue | Villager (Male) |
| 20:35 | Queue | Villager (Male) |
| 20:38 | Queue | Spearman |
| 20:38 | Queue | Spearman |
| 20:39 | Queue | Archer |
| 20:40 | Queue | Archer |
| 20:54 | Research | Fletching |
| 21:08 | Build | Farm |
| 21:08 | Build | Farm |
| 21:08 | Build | Farm |
| 22:00 | Build | Market |
| 22:04 | Queue | Archer |
| 22:05 | Queue | Archer |
| 22:10 | Build | House |
| 22:22 | Build | House |
| 22:22 | Build | House |
| 22:32 | Research | Double-Bit Axe |
| 22:34 | Research | Horse Collar |
| 23:04 | Build | Lumber Camp |
| 23:24 | Build | Watch Tower |
| 23:41 | Build | Stone Wall |
| 23:49 | Queue | Villager (Male) |
| 24:06 | Queue | Villager (Male) |
| 24:25 | Queue | Archer |
| 24:25 | Queue | Archer |
| 24:26 | Queue | Archer |
| 24:26 | Queue | Archer |
| 25:16 | Queue | Villager (Male) |
| 25:16 | Queue | Villager (Male) |
| 25:26 | Research | Castle Age |
| 25:32 | Queue | Archer |
| 25:33 | Queue | Archer |
| 25:33 | Queue | Archer |
| 25:36 | Build | Archery Range |
| 25:44 | Build | Archery Range |
| 25:47 | Queue | Villager (Male) |
| 25:47 | Queue | Villager (Male) |
| 25:48 | Queue | Villager (Male) |
| 26:07 | Build | Farm |
| 26:07 | Build | Farm |
| 26:08 | Build | Farm |
| 26:08 | Build | Farm |
| 26:08 | Build | Farm |
| 26:08 | Build | Farm |
| 26:09 | Build | Farm |
| 26:21 | Queue | Archer |
| 26:56 | Queue | Archer |
| 27:12 | Build | House |
| 27:12 | Build | House |
| 27:13 | Build | House |
| 27:13 | Build | House |
| 27:13 | Build | House |
| 27:20 | Queue | Villager (Male) |
| 27:21 | Queue | Villager (Male) |
| 27:29 | Build | Lumber Camp |
| 27:32 | Queue | Villager (Male) |
| 27:40 | Queue | Archer |
| 27:40 | Queue | Archer |
| 27:45 | Research | Gold Mining |
| 27:47 | Queue | Villager (Male) |
| 28:06 | Age | Castle Age |
| 28:09 | Research | Crossbowman (upgrade) |
| 28:31 | Build | University |
| 28:36 | Queue | Villager (Male) |
| 28:36 | Queue | Villager (Male) |
| 28:38 | Research | Wheelbarrow |
| 29:14 | Research | Bodkin Arrow |
| 29:21 | Queue | Archer |
| 29:21 | Queue | Archer |
| 29:21 | Queue | Archer |
| 29:22 | Queue | Archer |
| 29:31 | Queue | Villager (Male) |
| 29:31 | Queue | Villager (Male) |
| 29:32 | Queue | Archer |
| 30:08 | Queue | Villager (Male) |
Match timeline
| 0:46 | Martin · first_building Dock |
| 1:13 | Sky · first_building Dock |
| 1:24 | AAOE | khermir · first_building Dock |
| 2:54 | francopasini3 · first_building Dock |
| 9:46 | Sky · wall_segment Palisade Wall x1 |
| 9:47 | Sky · wall_segment Palisade Wall x1 |
| 12:52 | Martin · age_up feudal |
| 14:05 | AAOE | khermir · age_up feudal |
| 14:21 | Sky · age_up feudal |
| 14:54 | AAOE | khermir · first_market_sell 100 wood |
| 15:27 | francopasini3 · age_up feudal |
| 16:09 | francopasini3 · first_building Barracks |
| 17:13 | francopasini3 · first_building Archery Range |
| 17:41 | AAOE | khermir · age_up castle |
| 17:43 | AAOE | khermir · first_building Castle |
| 18:36 | francopasini3 · wall_segment Stone Wall x4 |
| 18:38 | francopasini3 · wall_segment Stone Wall x8 |
| 18:44 | francopasini3 · wall_segment Stone Wall x8 |
| 18:46 | francopasini3 · wall_segment Stone Wall x7 |
| 18:49 | francopasini3 · wall_segment Stone Wall x9 |
| 19:12 | Martin · first_building Barracks |
| 20:08 | Sky · first_building Barracks |
| 20:13 | Martin · first_building Archery Range |
| 20:43 | Martin · age_up castle |
| 20:58 | Sky · first_building Archery Range |
| 21:06 | AAOE | khermir · first_market_buy 100 food |
| 21:46 | Sky · age_up castle |
| 22:06 | AAOE | khermir · first_building Siege Workshop |
| 22:09 | Sky · first_market_buy 100 wood |
| 22:13 | Sky · first_market_sell 100 food |
| 22:33 | AAOE | khermir · first_building Monastery |
| 23:11 | francopasini3 · first_market_sell 100 food |
| 23:15 | francopasini3 · first_market_buy 100 stone |
| 23:41 | francopasini3 · wall_segment Stone Wall x1 |
| 25:59 | Martin · first_building Siege Workshop |
| 28:06 | francopasini3 · age_up castle |
| 28:50 | Sky · first_building Castle |
| 29:51 | Martin · first_building Monastery |
| 31:11 | Martin · first_building Castle |
| 32:39 | AAOE | khermir · first_building Barracks |
| 34:35 | Martin · first_building Stable |
| 34:40 | francopasini3 · first_building Stable |
| 35:01 | Martin · first_market_sell 100 food |
| 36:21 | AAOE | khermir · first_building Stable |
| 36:32 | francopasini3 · first_building Castle |
| 36:47 | Sky · age_up imperial |
| 37:08 | Martin · age_up imperial |
| 40:18 | AAOE | khermir · age_up imperial |
| 48:42 | AAOE | khermir · first_building Archery Range |
| 61:33 | Martin · resign |
[ AI ANALYSIS · 1 CREDIT ]
What really happened in this match?
Wolo.gg analyzes every decision: build order, eco, micro, common mistakes by bracket. Personalized analysis on WhatsApp or Discord in 30 seconds.
Civ guide
Spanish
Perfil
Jugador #287685